 Dungeon Crawl Stone Soup version 0.28-a0-794-gafe8c5f9e9 (webtiles) character file.

Game seed: 13268032583864990970

330 ryw the Ruffian (level 6, -5/61 HPs)
             Began as a Troll Cinder Acolyte on Nov 5, 2021.
             Was a High Priest of Ignis.
             Slain by AlleluiaPinecone's ghost (8 damage)
             ... on level 3 of the Dungeon.
             The game lasted 00:05:29 (2320 turns).

ryw the Ruffian (Troll Cinder Acolyte)              Turns: 2320, Time: 00:05:29

Health: -5/61      AC:  4    Str: 25    XL:     6   Next: 26%
Magic:  6/6        EV:  7    Int: 10    God:    Ignis [*****.]
Gold:   96         SH:  5    Dex:  5    Spells: 5/7 levels left

rFire   + . .      SeeInvis .     - Unarmed
rCold   . . .      Faith    .   h - +0 kite shield
rNeg    . . .      Spirit   .   a - +0 robe
rPois   .          Reflect  .   (helmet restricted)
rElec   .          Harm     .   o - scarf {repulsion}
rCorr   .          Rampage  .   (gloves unavailable)
Will    .....                   (boots unavailable)
Stlth   +.........              (no amulet)
HPRegen 1.20/turn               (no ring)
MPRegen 0.10/turn               (no ring)

@: repel missiles
A: large, unfitting armour, claws 3, regeneration 1, shaggy fur 1, tough skin 1
a: Renounce Religion, Sea of Fire, Foxfire Swarm, Rising Flame


You were on level 3 of the Dungeon.
You worshipped Ignis.
Ignis was extremely pleased with you.
You visited 1 branch of the dungeon, and saw 3 of its levels.

You collected 96 gold pieces.

Inventory:

Missiles
 g - 28 poisoned darts (quivered)
Armour
 a - a +0 robe (worn)
 h - a +0 kite shield (worn)
 o - a scarf of repulsion (worn)
Scrolls
 b - 2 scrolls of holy word {unknown}
 d - 2 scrolls of identify {unknown}
 e - a scroll of amnesia {unknown}
 f - a scroll of blinking {unknown}
 j - a scroll of fear {unknown}
 l - a scroll of silence {unknown}
Potions
 c - a potion of magic {unknown}
 i - a potion of might {unknown}
 k - a potion of curing
 m - 2 potions of mutation {unknown}
 n - a potion of invisibility {unknown}


   Skills:
 + Level 3.3 Fighting
 + Level 2.1 Dodging
 + Level 1.7 Shields
 * Level 5.1 Unarmed Combat
 - Level 1.0 Spellcasting
 - Level 2.1 Fire Magic


You had 5 spell levels left.
You knew the following spells:

 Your Spells              Type           Power      Damage    Failure   Level
a - Scorch                Fire           8%         2d5       69%         2

Your spell library contained the following spells:

 Spells                   Type           Power      Damage    Failure   Level


Dungeon Overview and Level Annotations

Branches:
Dungeon (3/15)

Altars:

Annotations:
D:3 AlleluiaPinecone's ghost, amateur GnWn


Innate Abilities, Weirdness & Mutations

You are too large for most types of armour.
You have claws for hands.
Your natural rate of healing is unusually fast.
You are covered in fur. (AC +1)
You have tough skin. (AC +1)


Message History

Rogsnak's ghost blinks!
AlleluiaPinecone's ghost hits you! AlleluiaPinecone's ghost hits you.
Rogsnak's ghost is engulfed in blazing flames.
Rogsnak's ghost mumbles some strange words.
Rogsnak's ghost blinks!
You claw AlleluiaPinecone's ghost!
AlleluiaPinecone's ghost is severely damaged.
You block AlleluiaPinecone's ghost's attack.
AlleluiaPinecone's ghost hits you.
* * * LOW HITPOINT WARNING * * *
Rogsnak's ghost is engulfed in blazing flames.
Rogsnak's ghost gestures wildly while chanting.
Rogsnak's ghost blinks!
AlleluiaPinecone's ghost hits you!
* * * LOW HITPOINT WARNING * * *
Okay, then.
It was a potion of curing.
You feel better.
AlleluiaPinecone's ghost hits you but does no damage.
Rogsnak's ghost is engulfed in blazing flames.
You destroy rogsnak's ghost!
You block AlleluiaPinecone's ghost's attack.
Your Dodging skill increases to level 2!
Your Unarmed Combat skill increases to level 5!
You have reached level 6!
Your experience leads to an increase in your attributes!
Increase (S)trength, (I)ntelligence, or (D)exterity?
You feel stronger. x2
You feel better. AlleluiaPinecone's ghost hits you.
AlleluiaPinecone's ghost hits you!
* * * LOW HITPOINT WARNING * * *
Unknown command.
You scratch AlleluiaPinecone's ghost.
AlleluiaPinecone's ghost is severely damaged.
AlleluiaPinecone's ghost closely misses you.
AlleluiaPinecone's ghost hits you.
* * * LOW HITPOINT WARNING * * *
Unknown command.
AlleluiaPinecone's ghost hits you!
* * * LOW HITPOINT WARNING * * *
AlleluiaPinecone's ghost hits you!
You die...

..........##
#.#.#####..# ##$:8.!##
#.#.# #..# ##8°.§§§8##
#.#†#####..###$§§§☼§§☼☼#
.......##...##♣§§§§§§§♣#
.......##.#.##⌠.§§§§§☼°#
#......##.#..#♣.§§§§§§♣
.......+..##§####W'☼###
#......#####§§§§@W.§§§#
#......# ##§§§☼.§§○☼#
#......######§.§§#☼####
######....§○§§§§°.○# ..
#.############# .. #.#
.. #.# .. #.# .. #.#


You could see 2 AlleluiaPinecone's ghosts.

Vanquished Creatures
  Sigmund (D:2)
  The ghost of rogsnak the Magician, an amateur GnWz (D:3)
  An orc wizard (D:2)
  2 adders (D:2)
  A worm (D:2)
  A dart slug (D:1)
  4 orcs
  6 endoplasms
  2 giant cockroaches
  6 goblins
  4 hobgoblins
  5 jackals
  A quokka (D:3)
  6 ball pythons
  5 bats
  6 frilled lizards
  5 kobolds
  5 rats
62 creatures vanquished.

Vanquished Creatures (others)
  13 foxfires (D:3)
13 creatures vanquished.

Grand Total: 75 creatures vanquished

Notes
Turn   | Place    | Note
-------+----------+-------------------------------------------
     0 | D:1      | ryw the Troll Cinder Acolyte began the quest for the Orb.
     0 | D:1      | Reached XP level 1. HP: 22/22 MP: 1/1
   189 | D:1      | Reached XP level 2. HP: 29/29 MP: 2/2
  1153 | D:1      | Found a faded altar of an unknown god.
  1179 | D:2      | Reached XP level 3. HP: 36/36 MP: 3/3
  1207 | D:2      | Reached skill level 1 in Dodging
  1467 | D:2      | Noticed Sigmund
  1471 | D:2      | Killed Sigmund
  1472 | D:2      | Reached skill level 1 in Shields
  1472 | D:2      | Reached skill level 4 in Unarmed Combat
  1472 | D:2      | Reached XP level 4. HP: 32/45 MP: 4/4
  1472 | D:2      | Reached XP level 5. HP: 37/53 MP: 5/5
  1932 | D:2      | Learned a level 2 spell: Scorch
  2249 | D:3      | Found a runed translucent gate.
  2249 | D:3      | Found a runed translucent gate.
  2249 | D:3      | Found a runed translucent gate.
  2250 | D:3      | Noticed AlleluiaPinecone's ghost (amateur GnWn)
  2250 | D:3      | Noticed AlleluiaPinecone's ghost (amateur GnWn)
  2251 | D:3      | Noticed rogsnak's ghost (amateur GnWz)
  2317 | D:3      | Killed rogsnak's ghost
  2318 | D:3      | Reached skill level 5 in Unarmed Combat
  2318 | D:3      | Reached XP level 6. HP: 14/61 MP: 6/6
  2320 | D:3      | HP: 3/61 [AlleluiaPinecone's ghost (10)]
  2320 | D:3      | Slain by AlleluiaPinecone's ghost

Illustrated notes

Levels and vault maps discovered:
D:1:      dpeg_arrival_shelter, layout_loops_ring,
          shapermc_ecumenical_altar_acropolis, serial_co_window_serial,
          co_window_paths_a, co_window_corner_a, co_window_paths_a,
          co_window_corner_a, co_window_paths_a, co_window_of_opportunity_b,
          co_window_of_opportunity_c, co_window_2corner, co_window_paths_e,
          co_window_4corner_a, glass_columns_b, st_stairs_11
D:2:      layout_loops_ring, uniq_sigmund
D:3:      layout_basic, gammafunk_ghost_cemetery, grunt_decor_arrowhead

Skill      XL: |  1  2  3  4  5 |
---------------+----------------+-----
Dodging        | 1 2 |  2.1
Fighting       | 3 |  3.3
Shields        | 1 |  1.7
Unarmed Combat | 4 5 |  5.1
Spellcasting   | |  1.0
Fire Magic     | |  2.1

Action                   |  1- 3 |  4- 6 || total
-------------------------+-------+-------++-------
Melee: Unarmed           |    88 |    47 ||   135
Invok: Sea of Fire       |       |     1 ||     1
       Foxfire Swarm     |       |     1 ||     1
  Use: Potion            |       |     2 ||     2
Armor: Robe              |    33 |    13 ||    46
Dodge: Dodged            |    26 |    22 ||    48
Block: Kite shield       |    15 |    16 ||    31

Table legend: (Time is in decaauts)
 A = Elapsed time spent in this place.
 B = Non-inter-level travel time spent in this place.
 C = Inter-level travel time spent in this place.
 D = Time resting spent in this place.
 E = Time spent auto-exploring this place.
 F = Levels seen in this place.
 G = Mean time per level.
                   A        B        C        D        E       F      G
               +--------+--------+--------+--------+--------+-----+--------+
         Total |   2334 |   2278 |     56 |    118 |   1686 |   3 |  778.0 |
       Dungeon |   2334 |   2278 |     56 |    118 |   1686 |   3 |  778.0 |
               +--------+--------+--------+--------+--------+-----+--------+

Top non-repeatable levels by time:
     D:1: 1178 daAuts
     D:2: 895 daAuts
     D:3: 260 daAuts
